 Dungeon Crawl Stone Soup version 0.29-a0-284-gf9362112df (webtiles) character file.

Game seed: 14818488095036146341

37 n8rtot the Scratcher (level 3, 0/15 HPs)
             Began as a Felid Transmuter on Mar 24, 2022.
             Was a Plaything of Xom.
             Slain by a kobold
             ... wielding a +0 short sword
              (5 damage)
             ... on level 2 of the Dungeon.
             The game lasted 00:06:14 (1767 turns).

n8rtot the Scratcher (Felid Transmuter)             Turns: 1767, Time: 00:06:15

Health: 0/15       AC:  1    Str:  8    XL:     3   Next: 23%
Magic:  7/7        EV: 18    Int: 14    God:    Xom [.*....]
Gold:   31         SH:  0    Dex: 16    Spells: 5/6 levels left
                                        Lives:  0   Deaths: 0

rFire   . . .      SeeInvis +     - Unarmed
rCold   . . .      Faith    .   (shield unavailable)
rNeg    . . .      Spirit   .   (body armour unavailable)
rPois   .          Reflect  .   (helmet unavailable)
rElec   .          Harm     .   (cloak unavailable)
rCorr   .          Rampage  .   (gloves unavailable)
Will    .....                   (boots unavailable)
Stlth   ++........              (no amulet)
HPRegen 0.05/turn               (no ring)
MPRegen 0.10/turn               (no ring)

@: quick
A: very small, claws 1, fangs 3, see invisible, speed 1, shaggy fur 1, stealthy
paws, no weapons or thrown items, no armour, multi-lived
a: Renounce Religion


You were on level 2 of the Dungeon.
You worshipped Xom.
You were a plaything of Xom.
You visited 1 branch of the dungeon, and saw 2 of its levels.

You collected 67 gold pieces.
You spent 36 gold pieces at shops.

Inventory:

Scrolls
 c - a scroll of vulnerability {unknown}
 d - a scroll of amnesia {unknown}
 e - a scroll of noise {unknown}
 g - 2 scrolls of teleportation
Potions
 a - a potion of lignification
 b - 2 potions of heal wounds {unknown}
 f - 2 potions of brilliance {unknown}
 h - a potion of curing {unknown}


   Skills:
 + Level 1.1 Fighting
 + Level 3.2 Dodging
 + Level 0.4 Stealth
 + Level 3.7 Unarmed Combat
 + Level 2.1 Spellcasting
 + Level 2.6 Transmutations


You had 5 spell levels left.
You knew the following spells:

 Your Spells              Type           Power      Damage    Failure   Level
a - Beastly Appendage     Tmut           16%        N/A       8%          1

Your spell library contained the following spells:

 Spells                   Type           Power      Damage    Failure   Level
 Wereblood                Tmut           8%         N/A       12%         2
 Spider Form              Tmut/Pois      5%         N/A       38%         3
 Ice Form                 Ice/Tmut       5%         N/A       80%         4


Dungeon Overview and Level Annotations

Branches:
Dungeon (2/15)

Altars:
Xom

Shops:
D:1 *


Innate Abilities, Weirdness & Mutations

You have sharp claws.
You have razor-sharp teeth.
You have supernaturally acute eyesight. (SInv)
You cover ground quickly. (Speed+)
You are covered in fur. (AC +1)
Your paws help you pounce on unaware monsters.
You are incapable of wielding weapons or throwing items.
You cannot wear armour.
You gain extra lives every three experience levels.


Message History

The bat closely misses you.
You scratch the rat.
You kill the rat!
The bat closely misses you. The bat completely misses you.
You claw the bat!
You kill the bat!
Your transformation is almost over.
g - 2 scrolls of teleportation (gained 1)
Your horns disappear.
There is a stone staircase leading up here.
Things that are here:
a rat corpse; a ball python corpse A kobold and a bat come into view.
The kobold shouts!
The bat moves out of view.
The kobold throws a stone.
The stone closely misses you.
You see here 10 gold pieces.
The bat misses you.
You scratch the bat.
You kill the bat!
The kobold throws a stone.
The stone barely misses you.
The kobold hits you with a +0 short sword.
You barely miss the kobold.
The kobold hits you with a +0 short sword.
You barely miss the kobold. The kobold barely misses you.
You closely miss the kobold.
The kobold hits you with a +0 short sword.
You miss the kobold. You bite the kobold.
The kobold is severely wounded.
The kobold hits you with a +0 short sword.
You barely miss the kobold.
The kobold is severely wounded.
The kobold hits you with a +0 short sword.
* * * LOW HITPOINT WARNING * * *
You barely miss the kobold.
The kobold is severely wounded.
The kobold hits you with a +0 short sword.
You die... "It was about time."

.......# .##
......######....### ..
....#.............##.#
††.............^ ....# .
<..........# #.# ....#..
...........###.##.......
...........##........#..
.............†...K......
..###.###..##...@.......
### #.# ##.##$..........
#.# #.##...........
##.####......##......
#...............#....
#...........###.....#
#...........# .....
##.#..#####.# ...#.
#....## .#


You could see a kobold.

Vanquished Creatures
  A gnoll (D:1)
  4 ball pythons
  4 bats
  4 endoplasms (D:1)
  3 jackals (D:1)
  3 kobolds (D:1)
  2 quokkas
  A frilled lizard (D:1)
  2 rats
24 creatures vanquished.

Notes
Turn   | Place    | Note
-------+----------+-------------------------------------------
     0 | D:1      | n8rtot the Felid Transmuter began the quest for the Orb.
     0 | D:1      | Reached XP level 1. HP: 9/9 MP: 4/4
     5 | D:1      | Noticed a six-headed hydra
    15 | D:1      | Noticed a death yak
   133 | D:1      | Found a faded altar of an unknown god.
   137 | D:1      | Prayed at the altar of an unknown god.
   137 | D:1      | Became a worshipper of Xom of Chaos
   275 | D:1      | XOM: divination: detect creatures
   540 | D:1      | Reached XP level 2. HP: 12/12 MP: 4/6
   896 | D:1      | XOM: butterfly on damage
  1213 | D:1      | Reached XP level 3. HP: 15/15 MP: 5/7
  1252 | D:1      | Found Huumi's General Store.
  1273 | D:1      | Bought a scroll of teleportation for 36 gold pieces
  1342 | D:1      | XOM: cloud trail
  1557 | D:1      | XOM: silly message
  1599 | D:1      | XOM: silly message
  1767 | D:2      | Slain by a kobold

Illustrated notes

Levels and vault maps discovered:
D:1:      sevenhm_arrival_forest_fort_small_2, layout_basic, serial_shops,
          nicolae_shop_statue_plus, hellmonk_ecumenical_altar_inner_sanctum,
          serial_bayou_crossing
D:2:      layout_rooms, small_statue_intersection, minmay_misc_feat_tower,
          hangedman_decor_clover_reticule, minmay_split_cup_large, uniq_robin

Skill      XL: |  1  2 |
---------------+-------+-----
Dodging        | 3 |  3.2
Fighting       | |  1.1
Stealth        | |  0.4
Unarmed Combat | |  3.7
Spellcasting   | |  2.1
Transmutations | |  2.6

Action                   || total
-------------------------++-------
Melee: Unarmed           ||    60
       Bite              ||     7
       Headbutt          ||     6
       Punch             ||     1
 Cast: Beastly Appendage ||     9
 Stab: Sleeping          ||     1
Dodge: Dodged            ||    44

Table legend: (Time is in decaauts)
 A = Elapsed time spent in this place.
 B = Non-inter-level travel time spent in this place.
 C = Inter-level travel time spent in this place.
 D = Time resting spent in this place.
 E = Time spent auto-exploring this place.
 F = Levels seen in this place.
 G = Mean time per level.
                   A        B        C        D        E       F      G
               +--------+--------+--------+--------+--------+-----+--------+
         Total |   1604 |   1604 |      0 |    705 |    650 |   2 |  802.0 |
       Dungeon |   1604 |   1604 |      0 |    705 |    650 |   2 |  802.0 |
               +--------+--------+--------+--------+--------+-----+--------+

Top non-repeatable levels by time:
     D:1: 1555 daAuts
     D:2: 49 daAuts
